 Dungeon Crawl Stone Soup version 0.31-a0-222-gefeffbb62a (webtiles) character file.

Game seed: 13427689769713723203

425 Newt the Trooper (level 6, 0/48 HPs)
             Began as a Demonspawn Gladiator on July 5, 2023.
             Slain by an orc wizard
             ... wielding a +0 dagger
              (3 damage)
             ... on level 4 of the Dungeon.
             The game lasted 00:05:01 (4312 turns).

Newt the Trooper (Demonspawn Gladiator)             Turns: 4312, Time: 00:05:02

Health: 0/48       AC:  5    Str: 16    XL:     6   Next: 64%
Magic:  9/9        EV: 13    Int: 11    God:
Gold:   208        SH:  0    Dex: 15    Spells: 9/9 levels left

rFire   + . .        a - +1 rapier
rCold   . . .        (no shield)
rNeg    . . .        b - +0 leather armour
rPois   .            q - +2 hat
rElec   .            (no cloak)
rCorr   .            (no gloves)
SInv    .            (no boots)
Will    .....        (no amulet)
Stlth   +            m - ring of protection from fire
HPRegen 0.28/turn    (no ring)
MPRegen 0.11/turn

%: no passive effects
@: no status effects
A: hooves 1, big brain 1, demonic magic 1
a: no special abilities


You were on level 4 of the Dungeon.
You visited 1 branch of the dungeon, and saw 4 of its levels.

You collected 208 gold pieces.

Inventory:

Hand Weapons
 a - a +1 rapier (weapon)
 g - a +0 great sword
Missiles
 d - 2 throwing nets
 e - a javelin
 j - 3 poisoned darts (quivered)
 l - 56 stones
Armour
 b - a +0 leather armour (worn)
 c - a +0 helmet
 q - a +2 hat (worn)
Jewellery
 f - a ring of ice
 m - a ring of protection from fire (left hand)
 r - a ring of willpower
 s - a ring of resist corrosion
Scrolls
 i - a scroll of acquirement {unknown}
Potions
 h - a potion of curing
 k - a potion of attraction
 n - a potion of might
 o - a potion of enlightenment {unknown}
 p - 2 potions of lignification {unknown}


   Skills:
 - Level 4.0 Fighting
 - Level 4.0 Short Blades
 - Level 3.0 Throwing
 - Level 4.0 Dodging
 + Level 2.2 Spellcasting


You had 9 spell levels left.
You didn't know any spells.
Your spell library contained the following spells:

 Spells                   Type           Power      Damage    Failure   Level
 Sting                    Tmut/Pois      4%         1d3       34%         1
 Summon Small Mammal      Summ           4%         N/A       34%         1
 Poisonous Vapours        Pois/Air       2%         N/A       47%         2
 Call Canine Familiar     Summ           1%         N/A       71%         3
 Summon Guardian Golem    Hex/Summ       1%         N/A       71%         3
 Olgreb's Toxic Radiance  Pois           1%         N/A       98%         4


Dungeon Overview and Level Annotations

Branches:
Dungeon (4/15)
 Temple: D:4-7

Altars:
Fedhas
Sif Muna

Shops:
D:2 :


Innate Abilities, Weirdness & Mutations

You have large cloven feet.
You have an unusually large brain. (Int +2)
Spells you cast may paralyse adjacent enemies.


Message History

You are too confused!
You are too confused!
You are too confused!
You are too confused!
You are too confused!
You are too confused!
You are too confused!
You are too confused!
You are too confused!
You are too confused!
You are too confused!
You are too confused!
Unknown command.
The gnoll barely misses you. Something hits you.
The gnoll hits you from afar with a +0 spear.
You're too confused to move!
The gnoll hits you from afar with a +0 spear.
Something hits you. Something hits you. The gnoll hits you with a +0 spear.
The gnoll attacks as you move away! The gnoll closely misses you. x2
You hear some strange, mumbled words.
A magic dart appears from out of thin air!
The magic dart hits you!
You miss something. You kick something.
The gnoll hits you from afar with a +0 spear.
Something hits you.
You feel less confused.
The gnoll hits you from afar with a +0 spear.
* * * LOW HITPOINT WARNING * * *
Something hits you but does no damage. Something hits you but does no damage.
The gnoll hits you from afar with a +0 spear.
* * * LOW HITPOINT WARNING * * *
Something hits you but does no damage.
There is a stone staircase leading up, spattered with blood here.
The gnoll hits you from afar with a +0 spear!
* * * LOW HITPOINT WARNING * * *
Something hits you.
You die...

##........##.##...##.....####..
####....................... #..
#..............#...........
.... ...#..........## #.^..#
.g.. #.#####.......###.....#.
##.. ..#.##.#................
... .......#......g.........
#.......................
....##..........@.......
.....#...##..#...)......
#...<...###..##.........
.....#..# ##.#..........
##...##....>............
##...##................ #..##
................ ##.#
.....).......... >##
................


You could see a gnoll.

Vanquished Creatures
  A water moccasin (D:4)
  A scorpion (D:3)
  A howler monkey (D:4)
  6 gnolls
  7 adders
  A worm (D:3)
  3 dart slugs
  4 orcs
  9 ball pythons
  7 endoplasms
  6 giant cockroaches
  7 goblins
  4 hobgoblins
  6 jackals
  3 kobolds (D:2)
  5 quokkas
  5 bats
  5 frilled lizards
  7 rats
88 creatures vanquished.

Notes
Turn   | Place    | Note
-------+----------+-------------------------------------------
     0 | D:1      | Newt the Demonspawn Gladiator began the quest for the Orb.
     0 | D:1      | Reached XP level 1. HP: 16/16 MP: 1/1
   128 | D:1      | Gained mutation: You have large cloven feet. [demonic
                  | ancestry]
   128 | D:1      | Reached XP level 2. HP: 16/23 MP: 2/2
   651 | D:1      | Reached XP level 3. HP: 24/29 MP: 3/3
  1003 | D:2      | Found Ydowi's Book Shop.
  1310 | D:2      | Gained mutation: Spells you cast may paralyse adjacent
                  | enemies. [demonic ancestry]
  1310 | D:2      | Reached XP level 4. HP: 33/37 MP: 4/4
  1777 | D:2      | HP: 1/37 [gnoll/+0 whip (6)]
  2263 | D:3      | Gained mutation: You have an unusually large brain. (Int
                  | +2) [demonic ancestry]
  2263 | D:3      | Reached XP level 5. HP: 36/42 MP: 5/5
  3076 | D:4      | Noticed a water moccasin
  3085 | D:4      | Killed a water moccasin
  3086 | D:4      | Reached XP level 6. HP: 43/48 MP: 6/6
  3124 | D:4      | Reached skill level 1 in Spellcasting
  3655 | D:4      | Found a shimmering blue altar of Sif Muna.
  3705 | D:4      | Found a blossoming altar of Fedhas.
  3744 | D:4      | HP: 2/48 [gnoll/+0 spear (9)]
  4312 | D:4      | Slain by an orc wizard

Illustrated notes

Levels and vault maps discovered:
D:1:      saegor_arrival_simple_c, layout_loops_ring, minmay_misc_feat_diagonals
D:2:      layout_basic, serial_shops, nicolae_shop_crystal
D:3:      layout_rooms, lemuel_tele_altar, st_stairs_5, grunt_ministairs_8,
          guppyfry_early_lair_pool
D:4:      layout_cave_pools, mainiacjoe_overflow_alcove_1, fedhas_altar_1,
          serial_shops, nicolae_shop_back_alley_shop

Skill      XL: |  1  2  3  4  5  6 |
---------------+-------------------+-----
Fighting       | 3 4 |  4.0
Short Blades   | 3 4 |  4.0
Dodging        | 4 |  4.0
Throwing       | 3 |  3.0
Spellcasting   | 2 |  2.2

Action                     |  1- 3 |  4- 6 || total
---------------------------+-------+-------++-------
  Melee: Rapier            |   137 |   185 ||   322
         Kick              |    24 |    52 ||    76
         Punch             |     2 |     4 ||     6
  Throw: Throwing net      |       |     3 ||     3
         Javelin           |       |     1 ||     1
         Dart              |       |     8 ||     8
    Use: Scroll            |     1 |     6 ||     7
         Potion            |       |     2 ||     2
   Stab: Sleeping          |     1 |     2 ||     3
         Held in net/web   |       |     3 ||     3
 Armour: Leather armour    |    44 |    45 ||    89
  Dodge: Dodged            |    87 |   154 ||   241

Table legend: (Time is in decaauts)
 A = Elapsed time spent in this place.
 B = Non-inter-level travel time spent in this place.
 C = Inter-level travel time spent in this place.
 D = Time resting spent in this place.
 E = Time spent auto-exploring this place.
 F = Levels seen in this place.
 G = Mean time per level.
                   A        B        C        D        E       F      G
               +--------+--------+--------+--------+--------+-----+--------+
         Total |   4323 |   4248 |     75 |   1404 |   2052 |   4 | 1080.8 |
       Dungeon |   4323 |   4248 |     75 |   1404 |   2052 |   4 | 1080.8 |
               +--------+--------+--------+--------+--------+-----+--------+

Top non-repeatable levels by time:
     D:3: 1764 daAuts
     D:2: 1282 daAuts
     D:1: 830 daAuts
     D:4: 446 daAuts
